PL
ATHLETIC CLUB KC @ FT. WORTH CATTLEMEN
09/20/2024
 
TOP OF THE 1ST
Athletic Club KC batting - Pitching for Ft. Worth Cattlemen : RHP Nicholas Wells
Pitching: RHP Nicholas Wells
Batting: RHB Jorge Trevino 0-0: Called Strike
0-1: Ball
1-1: Ball
2-1: Ground out 1-3 (Groundball, 13)
Batting: LHB Thatcher Douglas 0-0: Ground out 6-3 (Groundball, 6)
Batting: RHB David Edwards 0-0: Ground out 5-3 (Groundball, 15S)
Top of the 1st over - 0 run(s), 0 hit(s), 0 error(s), 0 left on base; Athletic Club KC 0 - Ft. Worth 0
BOTTOM OF THE 1ST
Ft. Worth Cattlemen batting - Pitching for Athletic Club KC : RHP Juan Torres
Pitching: RHP Juan Torres
Batting: RHB Joey Morgan 0-0: Called Strike
0-1: Swinging Strike
0-2: Foul Ball, location: 2F
0-2: Foul Ball, location: 2F
0-2: Ball
1-2: Foul Ball, location: 2F
1-2: SINGLE (Groundball, 6D)
Batting: RHB Matt Sheppard 0-0: Ball
1-0: Grounds into double play, 6-4-3 (Groundball, 56)
Batting: RHB Bart Lewis 0-0: Ball
1-0: Ground out 6-3 (Groundball, 6)
Bottom of the 1st over - 0 run(s), 1 hit(s), 0 error(s), 0 left on base; Athletic Club KC 0 - Ft. Worth 0
TOP OF THE 2ND
Athletic Club KC batting - Pitching for Ft. Worth Cattlemen : RHP Nicholas Wells
Batting: RHB John Downing 0-0: Foul Ball, location: 2F
0-1: Ball
1-1: Swinging Strike
1-2: Ball
2-2: Ball
3-2: Foul Ball, location: 2F
3-2: Base on Balls
Batting: RHB Ramón Souza 0-0: Called Strike
0-1: Swinging Strike
0-2: Ball
1-2: Strikes out swinging
Batting: LHB Kelly Brown 0-0: 2-RUN HOME RUN (Flyball, 9D), Distance : 393 ft
Batting: SHB Pedro Vázquez 0-0: Ground out 6-3 (Groundball, 56)
Batting: RHB Rick Atkinson 0-0: Swinging Strike
0-1: Ball
1-1: Called Strike
1-2: Ball
2-2: Strikes out swinging
Top of the 2nd over - 2 run(s), 1 hit(s), 0 error(s), 0 left on base; Athletic Club KC 2 - Ft. Worth 0
BOTTOM OF THE 2ND
Ft. Worth Cattlemen batting - Pitching for Athletic Club KC : RHP Juan Torres
Batting: RHB Enrique Pérez 0-0: Called Strike
0-1: Swinging Strike
0-2: Strikes out swinging
Batting: LHB Ryan Westlake 0-0: Ball
1-0: SINGLE (Groundball, 6MD) (infield hit)
Batting: RHB Júlio Maldonado 0-0: Called Strike
0-1: Reached on error, E5 (Groundball, 5)
Ryan Westlake to second
Batting: SHB Robby Day 0-0: Called Strike
0-1: Ball
1-1: Foul Ball, location: 2F
1-2: Strikes out looking
Batting: RHB Jorge Rosa 0-0: Called Strike
0-1: Ball
1-1: Foul Ball, location: 2F
1-2: Fly out, F8 (Flyball, 8RD)
Bottom of the 2nd over - 0 run(s), 1 hit(s), 1 error(s), 2 left on base; Athletic Club KC 2 - Ft. Worth 0
TOP OF THE 3RD
Athletic Club KC batting - Pitching for Ft. Worth Cattlemen : RHP Nicholas Wells
Batting: RHB Michael Walker 0-0: Called Strike
0-1: Ball
1-1: Bunt for hit - play at first, batter safe!
Batting: RHB Jorge Trevino 0-0: Ball
Michael Walker steals 2nd base
1-0: Ball
2-0: Fly out, F6 (Line Drive, 6)
Batting: LHB Thatcher Douglas 0-0: Ground out U3 (Groundball, 3L)
Michael Walker to third
Batting: RHB David Edwards 0-0: Hit by Pitch
Batting: RHB John Downing 0-0: Foul Ball, location: 2F
0-1: Fly out, F7 (Flyball, 7D)
Top of the 3rd over - 0 run(s), 1 hit(s), 0 error(s), 2 left on base; Athletic Club KC 2 - Ft. Worth 0
BOTTOM OF THE 3RD
Ft. Worth Cattlemen batting - Pitching for Athletic Club KC : RHP Juan Torres
Batting: RHB Alan Elder 0-0: Swinging Strike
0-1: Ball
1-1: Ball
2-1: Fly out, F9 (Flyball, 9M)
Batting: RHB Joey Morgan 0-0: Called Strike
0-1: Foul Ball, location: 2F
0-2: Foul Ball, location: 2F
0-2: Ball
1-2: Ball
2-2: Strikes out swinging
Batting: RHB Matt Sheppard 0-0: Swinging Strike
0-1: Ball
1-1: Foul Ball, location: 2F
1-2: Foul Ball, location: 2F
1-2: Ball
2-2: Foul Ball, location: 2F
2-2: Ground out 6-3 (Groundball, 6)
Bottom of the 3rd over - 0 run(s), 0 hit(s), 0 error(s), 0 left on base; Athletic Club KC 2 - Ft. Worth 0
TOP OF THE 4TH
Athletic Club KC batting - Pitching for Ft. Worth Cattlemen : RHP Nicholas Wells
Batting: RHB Ramón Souza 0-0: Ball
1-0: Called Strike
1-1: Fly out, F9 (Flyball, 9D)
Batting: LHB Kelly Brown 0-0: Ground out 1-3 (Groundball, 13S)
Batting: SHB Pedro Vázquez 0-0: Fly out, F8 (Flyball, 8LXD)
Top of the 4th over - 0 run(s), 0 hit(s), 0 error(s), 0 left on base; Athletic Club KC 2 - Ft. Worth 0
BOTTOM OF THE 4TH
Ft. Worth Cattlemen batting - Pitching for Athletic Club KC : RHP Juan Torres
Batting: RHB Bart Lewis 0-0: Called Strike
0-1: Ball
1-1: Ball
2-1: Ball
3-1: Base on Balls
Batting: RHB Enrique Pérez 0-0: Called Strike
0-1: Ground out 6-3 (Groundball, 6S)
Bart Lewis to second
Batting: LHB Ryan Westlake 0-0: Called Strike
0-1: Ball
1-1: Ground out 6-3 (Groundball, 6M)
Bart Lewis to third
Batting: RHB Júlio Maldonado 0-0: Called Strike
0-1: Ball
1-1: Ball
2-1: Foul Ball, location: 2F
2-2: Ball
3-2: Base on Balls
Batting: SHB Robby Day 0-0: Called Strike
0-1: Foul Ball, location: 2F
0-2: Foul Ball, location: 2F
0-2: Strikes out swinging
Bottom of the 4th over - 0 run(s), 0 hit(s), 0 error(s), 2 left on base; Athletic Club KC 2 - Ft. Worth 0
TOP OF THE 5TH
Athletic Club KC batting - Pitching for Ft. Worth Cattlemen : RHP Nicholas Wells
Batting: RHB Rick Atkinson 0-0: Ball
1-0: Foul Ball, location: 2F
1-1: Ball
2-1: SINGLE (Line Drive, 78S)
Batting: RHB Michael Walker 0-0: Bunt missed!
0-1: Ball
1-1: Sac Bunt - play at first, batter OUT! 1-4
Rick Atkinson to second
Batting: RHB Jorge Trevino 0-0: SINGLE (Flyball, 8RS)
Rick Atkinson to third
Runner from 3rd tries for Home, SAFE, throw made home
Jorge Trevino to second
Batting: LHB Thatcher Douglas 0-0: Ball
1-0: Called Strike
1-1: 2-RUN HOME RUN (Flyball, 89XD), Distance : 423 ft
Batting: RHB David Edwards 0-0: Called Strike
0-1: Ball
1-1: Ball
2-1: Called Strike
2-2: DOUBLE (Line Drive, 5L)
Pitching: LHP Juan Sánchez
Batting: RHB John Downing 0-0: Ball
1-0: Foul Ball, location: 2F
1-1: Ground out 4-3 (Groundball, 4)
David Edwards to third
Batting: RHB Ramón Souza 0-0: Ball
1-0: Ball
2-0: Ground out 5-3 (Groundball, 56)
Top of the 5th over - 3 run(s), 4 hit(s), 0 error(s), 1 left on base; Athletic Club KC 5 - Ft. Worth 0
BOTTOM OF THE 5TH
Ft. Worth Cattlemen batting - Pitching for Athletic Club KC : RHP Juan Torres
Batting: RHB Jorge Rosa 0-0: Called Strike
0-1: Ball
1-1: Ball
2-1: Fly out, F8 (Line Drive, 8LM)
Batting: RHB Alan Elder 0-0: Foul Ball, location: 2F
0-1: Ball
1-1: Ball
2-1: SINGLE (Line Drive, 4D)
Batting: RHB Joey Morgan 0-0: Swinging Strike
0-1: Called Strike
0-2: Foul Ball, location: 2F
0-2: Ball
Wild Pitch!
Alan Elder to second
1-2: Strikes out swinging
Batting: RHB Matt Sheppard 0-0: Ball
1-0: Ball
2-0: Ball
3-0: Base on Balls
Batting: RHB Bart Lewis 0-0: Swinging Strike
0-1: Fly out, F9 (Flyball, 9D)
Bottom of the 5th over - 0 run(s), 1 hit(s), 0 error(s), 2 left on base; Athletic Club KC 5 - Ft. Worth 0
TOP OF THE 6TH
Athletic Club KC batting - Pitching for Ft. Worth Cattlemen : LHP Juan Sánchez
Batting: LHB Kelly Brown 0-0: Called Strike
0-1: Ball
1-1: Foul Ball, location: 2F
1-2: Strikes out swinging
Batting: SHB Pedro Vázquez 0-0: Swinging Strike
0-1: Ground out 6-3 (Groundball, 6)
Batting: RHB Rick Atkinson 0-0: Called Strike
0-1: Foul Ball, location: 2F
0-2: Ball
1-2: Fly out, F7 (Line Drive, 7LD)
Top of the 6th over - 0 run(s), 0 hit(s), 0 error(s), 0 left on base; Athletic Club KC 5 - Ft. Worth 0
BOTTOM OF THE 6TH
Ft. Worth Cattlemen batting - Pitching for Athletic Club KC : RHP Juan Torres
Batting: RHB Enrique Pérez 0-0: Foul Ball, location: 2F
0-1: Ball
1-1: DOUBLE (Line Drive, 8LXD) - OUT at third base trying to stretch hit.
Batting: LHB Ryan Westlake 0-0: Ball
1-0: Foul Ball, location: 2F
1-1: Ball
2-1: Fly out, F7 (Flyball, 7M)
Batting: RHB Júlio Maldonado 0-0: Ball
1-0: Foul Ball, location: 2F
1-1: Ball
2-1: Fly out, F7 (Flyball, 8LXD)
Bottom of the 6th over - 0 run(s), 1 hit(s), 0 error(s), 0 left on base; Athletic Club KC 5 - Ft. Worth 0
TOP OF THE 7TH
Athletic Club KC batting - Pitching for Ft. Worth Cattlemen : LHP Juan Sánchez
Batting: RHB Michael Walker 0-0: Called Strike
0-1: Ball
1-1: Ball
2-1: Ball
3-1: Fly out, F5 (Line Drive, 5)
Batting: RHB Jorge Trevino 0-0: Swinging Strike
0-1: Ball
1-1: Swinging Strike
1-2: Fly out, F3 (Popup, 3F)
Batting: LHB Thatcher Douglas 0-0: DOUBLE (Flyball, 78XD)
Batting: RHB David Edwards 0-0: Foul Ball, location: 2F
0-1: Ball
1-1: Foul Ball, location: 2F
1-2: SINGLE (Groundball, 56D)
Thatcher Douglas to third
Runner from 3rd tries for Home, SAFE, no throw or cutoff
Batting: RHB John Downing 0-0: Called Strike
0-1: Foul Ball, location: 2F
0-2: Ball
Throwing error on steal attempt, E2
David Edwards to third
1-2: Strikes out swinging
Top of the 7th over - 1 run(s), 2 hit(s), 1 error(s), 1 left on base; Athletic Club KC 6 - Ft. Worth 0
BOTTOM OF THE 7TH
Ft. Worth Cattlemen batting - Pitching for Athletic Club KC : RHP Juan Torres
Batting: SHB Robby Day 0-0: Called Strike
0-1: Ball
1-1: Ball
2-1: Swinging Strike
2-2: Foul Ball, location: 2F
2-2: Strikes out looking
Batting: RHB Jorge Rosa 0-0: Called Strike
0-1: Ball
1-1: Ball
2-1: Hit by Pitch
Batting: RHB Alan Elder 0-0: Ground out 5-3 (Groundball, 56S)
Jorge Rosa to second
Batting: RHB Joey Morgan 0-0: Called Strike
0-1: Ball
1-1: Ball
2-1: Ball
3-1: SINGLE (Popup, 4MD)
Jorge Rosa to third
Runner from 3rd tries for Home, SAFE, no throw or cutoff
Batting: RHB Matt Sheppard 0-0: Called Strike
0-1: Ball
1-1: Ball
2-1: SINGLE (Flyball, 4D)
Joey Morgan to second
Runner from 2nd tries for 3rd, SAFE, no throw or cutoff
Pitching: LHP Emílio Raias
Batting: RHB Bart Lewis 0-0: Foul Ball, location: 2F
0-1: Ball
1-1: Ball
2-1: Fly out, F6 (Line Drive, 6)
Bottom of the 7th over - 1 run(s), 2 hit(s), 0 error(s), 2 left on base; Athletic Club KC 6 - Ft. Worth 1
TOP OF THE 8TH
Athletic Club KC batting - Pitching for Ft. Worth Cattlemen : LHP Juan Sánchez
Batting: RHB Ramón Souza 0-0: Called Strike
0-1: Called Strike
0-2: Foul Ball, location: 2F
0-2: Foul Ball, location: 2F
0-2: Ball
1-2: Ground out 5-3 (Groundball, 5S)
Batting: LHB Kelly Brown 0-0: SINGLE (Groundball, 4MD)
Batting: SHB Pedro Vázquez 0-0: Ball
1-0: Ground out 5-3 (Groundball, 56S)
Kelly Brown to second
Batting: RHB Rick Atkinson 0-0: Ball
1-0: SINGLE (Groundball, 6D)
Kelly Brown to third
Throwing error, E7
Kelly Brown scores
Rick Atkinson to second
Pitching: LHP Paul Díaz
Batting: RHB Michael Walker 0-0: Foul Ball, location: 2F
0-1: Foul Ball, location: 2F
0-2: Strikes out looking
Top of the 8th over - 1 run(s), 2 hit(s), 1 error(s), 1 left on base; Athletic Club KC 7 - Ft. Worth 1
BOTTOM OF THE 8TH
Ft. Worth Cattlemen batting - Pitching for Athletic Club KC : LHP Emílio Raias
Batting: RHB Enrique Pérez 0-0: Fly out, F8 (Line Drive, 8LD)
Batting: LHB Ryan Westlake 0-0: Called Strike
0-1: Foul Ball, location: 2F
0-2: Ball
1-2: Foul Ball, location: 2F
1-2: Foul Ball, location: 2F
1-2: Strikes out swinging
Batting: RHB Júlio Maldonado 0-0: Called Strike
0-1: Ball
1-1: Ground out 6-3 (Groundball, 6M)
Bottom of the 8th over - 0 run(s), 0 hit(s), 0 error(s), 0 left on base; Athletic Club KC 7 - Ft. Worth 1
TOP OF THE 9TH
Athletic Club KC batting - Pitching for Ft. Worth Cattlemen : LHP Paul Díaz
Batting: RHB Jorge Trevino 0-0: Ball
1-0: Ball
2-0: Swinging Strike
2-1: Ground out 5-3 (Groundball, 5S)
Batting: LHB Thatcher Douglas 0-0: Ball
1-0: Ground out 1-3 (Groundball, 15)
Batting: RHB David Edwards 0-0: Called Strike
0-1: Ground out 4-3 (Groundball, 34)
Top of the 9th over - 0 run(s), 0 hit(s), 0 error(s), 0 left on base; Athletic Club KC 7 - Ft. Worth 1
BOTTOM OF THE 9TH
Ft. Worth Cattlemen batting - Pitching for Athletic Club KC : LHP Emílio Raias
Batting: SHB Robby Day 0-0: Swinging Strike
0-1: Swinging Strike
0-2: Ball
1-2: Foul Ball, location: 2F
1-2: Ball
2-2: Ground out 5-3 (Groundball, 56)
Batting: RHB Jorge Rosa 0-0: Ball
1-0: Foul Ball, location: 2F
1-1: Called Strike
1-2: Ball
2-2: Ground out 5-3 (Groundball, 5)
Batting: RHB Alan Elder 0-0: Ground out 6-3 (Groundball, 6)
Bottom of the 9th over - 0 run(s), 0 hit(s), 0 error(s), 0 left on base; Athletic Club KC 7 - Ft. Worth 1
This league is powered by Out of the Park Baseball, the baseball management simulation game for PC, Mac and Linux
Monday, October 3rd, 2016 - OOTP Baseball 16.9 Build 39